 Dungeon Crawl Stone Soup version 0.18-a0-1044-g2bb894f (webtiles) character file.

21 Arkorax the Sneak (level 2, -5/13 HPs)
             Began as a Felid Wanderer on Jan 11, 2016.
             Slain by a worm (12 damage)
             ... on level 2 of the Dungeon.
             The game lasted 00:01:26 (1410 turns).

Arkorax the Sneak (Felid Wanderer)                  Turns: 1410, Time: 00:01:26

Health: -5/13      AC:  1    Str:  9    XL:     2   Next: 65%
Magic:  6/6        EV: 15    Int: 12    God:
Gold:   37         SH:  0    Dex: 15    Spells: 0 memorised, 5 levels left
                                        Lives:  0   Deaths: 0

rFire  . . .     SeeInvis +       - Unarmed
rCold  . . .     Gourm    .     (armour unavailable)
rNeg   . . .     Faith    .     (shield unavailable)
rPois  .         Spirit   .     (helmet unavailable)
rElec  .         Dismiss  .     (cloak unavailable)
rCorr  .         Reflect  .     (gloves unavailable)
SustAt .         Harm     .     (boots unavailable)
MR     .....                    k - amulet of regeneration
Stlth  +++.......               (no ring)
                                (no ring)

@: quick, not resistant to hostile enchantments, fairly stealthy
A: no armour, no weapons or thrown items, claws 1, fangs 3, see invisible,
carnivore 3, speed 1, shaggy fur 1, slow metabolism 1, sharp paws
a: no special abilities


You were on level 2 of the Dungeon.
You were not hungry.

You visited 1 branch of the dungeon, and saw 2 of its levels.

You collected 37 gold pieces.

Inventory:

Jewellery
 k - an amulet of regeneration (around neck)
Scrolls
 c - 3 scrolls of teleportation
 g - a scroll of random uselessness {unknown}
 i - a scroll of blinking {unknown}
Potions
 e - a potion of cure mutation {unknown}
 h - a potion of agility {unknown}
 j - a potion of curing {unknown}
Books
 a - a book of Minor Magic

   Spells                             Type                      Level
   a - Magic Dart                     Conjuration                  1
   b - Blink                          Translocation                2
   c - Call Imp                       Summoning                    2
   d - Repel Missiles                 Charms/Air                   2
   e - Slow                           Hexes                        2
   f - Conjure Flame                  Conjuration/Fire             3
   g - Mephitic Cloud                 Conjuration/Poison/Air       3
 b - the Disquisition on the Escort

   Spells                             Type                      Level
   a - Summon Small Mammal            Summoning                    1
   b - Call Canine Familiar           Summoning                    3
Comestibles
 d - a meat ration
 f - a beef jerky


   Skills:
 + Level 2.1 Fighting
 - Level 2.6 Stealth
 + Level 2.6 Unarmed Combat
 - Level 2.0 Spellcasting
   Level 2.4 Charms
   Level 1.5 Translocations


You had 5 spell levels left.
You didn't know any spells.

Dungeon Overview and Level Annotations

Branches:
Dungeon (2/15)

Altars:
Dithmenos


Innate Abilities, Weirdness & Mutations

You cannot wear armour.
You are incapable of wielding weapons or throwing items.
You have sharp claws.
You have razor-sharp teeth.
You have supernaturally acute eyesight.
You are carnivorous and can eat meat at any time.
You cover ground quickly.
You are covered in fur (AC +1).
You have a slow metabolism.
Your sharp claws are effective at attacking unaware monsters.


Message History

The worm is lightly wounded.
You barely miss the worm.
The worm is lightly wounded.
The worm closely misses you.
You scratch the worm. You bite the worm.
The worm is heavily wounded.
The worm completely misses you.
You scratch the worm. You bite the worm.
The worm is severely wounded.
You scratch the worm.
The worm is almost dead.
The worm bites you!
Ouch! That really hurt!
You barely miss the worm.
The worm is severely wounded.
You scratch the worm.
The worm is almost dead.
The worm bites you!
Ouch! That really hurt!
You die...

....##......>...#
..........#....##
....$.##........#
. ._...#
##.#..#..# ..
....##........##..
.!...............
..##....##.#.[# #.
##.#<......#
#..##...(.w@.##
#...)..#(#####
#..##...#.# ..
#####.# #.# #.#
#.# #..


You could see a worm.

Vanquished Creatures
  An adder (D:1)
  2 bats (D:1)
  A goblin (D:1)
  A hobgoblin (D:2)
  4 kobolds
  A giant newt (D:1)
  3 rats (D:1)
13 creatures vanquished.

Notes
Turn   | Place    | Note
--------------------------------------------------------------
     0 | D:1      | Arkorax the Felid Wanderer began the quest for the Orb.
     0 | D:1      | Arkorax set off with: a book of Minor Magic, the Disquisition on the Escort, a scroll of teleportation, a meat ration
     0 | D:1      | Reached XP level 1. HP: 9/9 MP: 4/4
   723 | D:1      | Reached XP level 2. HP: 8/12 MP: 6/6
  1103 | D:2      | Found a shadowy altar of Dithmenos.
  1410 | D:2      | Slain by a worm

Vault maps used:
D:1:      dpeg_arrival_court
D:2:      vehumet_crystals, nicolae_dithmenos_shadow_blocks

Action                   || total
-------------------------++-------
Melee: Unarmed           ||    48
 Stab: Sleeping          ||     3
  Eat: Chunk             ||     1
